 Dungeon Crawl Stone Soup version 0.17-a0-1718-g72dbe4d (webtiles) character file.

55559 achirane the Champion of Chaos (level 14, -11/132 HPs)
             Began as a Naga Wizard on Aug 25, 2015.
             Was the Champion of Makhleb.
             Mangled by a jiangshi (19 damage)
             ... summoned by a vampire mage
             ... on level 12 of the Dungeon.
             The game lasted 06:31:51 (29336 turns).

achirane the Champion of Chaos (Naga Wizard)       Turns: 29336, Time: 06:31:51

Health: -11/132    AC: 20    Str: 16    XL:     14   Next: 77%
Magic:  21/28      EV: 15    Int: 22    God:    Makhleb [******]
Gold:   1207       SH:  0    Dex: 15    Spells: 10 memorised, 7 levels left

rFire  . . .     SeeInvis +     B - +6 quarterstaff (chaos)
rCold  . . .     Clarity  .     N - +2 robe {Archmagi}
rNeg   . . .     SustAt   .     (no shield)
rPois  +         Gourm    .     e - +2 helmet
rElec  .         Spirit   .     C - +0 cloak
rCorr  +         Warding  .     g - +0 pair of gloves
rMut   .         Stasis   .     (no barding)
MR     ++...                    t - amulet of resist corrosion
Stlth  +++.......               c - +3 ring of slaying
                                v - ring of protection from magic

@: mighty, agile, icy armour, very slightly contaminated, repel missiles,
invisible, very slow, very resistant to hostile enchantments, fairly stealthy
A: see invisible, deformed body, poison resistance, slowness 2, slow metabolism
1, spit poison 2, constrict 1, AC +4
a: Spit Poison, Minor Destruction, Lesser Servant of Makhleb, Major Destruction,
Greater Servant of Makhleb, Renounce Religion


You were on level 12 of the Dungeon.
You worshipped Makhleb.
Makhleb was exalted by your worship.
You were not hungry.

You visited 2 branches of the dungeon, and saw 19 of its levels.

You collected 1207 gold pieces.

Inventory:

Hand weapons
 o - a +0 blowgun
 B - a +6 quarterstaff of chaos (weapon)
Missiles
 p - 29 poisoned needles
 x - 6 javelins (quivered)
Armour
 e - a +2 helmet (worn)
 g - a +0 pair of gloves (worn)
 C - a +0 cloak (worn)
 N - a +2 robe of the Archmagi (worn)
Magical staves
 I - an uncursed staff of wizardry
Rods
 u - a +0 rod of the swarm (9/9)
   (You found it on level 3 of the Dungeon)
Jewellery
 c - a +3 ring of slaying (right hand)
 h - an uncursed amulet of regeneration
 t - an amulet of resist corrosion (around neck)
 v - a ring of protection from magic (left hand)
 A - an uncursed ring of stealth
 Q - an uncursed amulet of resist mutation
Magical devices
 a - a wand of enslavement (13)
 f - a wand of polymorph (7)
 D - a wand of fireball (7)
 E - a wand of paralysis (11)
 K - a wand of lightning (3)
 O - a wand of slowing (7)
Scrolls
 b - 3 scrolls of fog
 q - 4 scrolls of remove curse
 y - a scroll of fear
 z - 2 scrolls of identify
Potions
 i - 5 potions of flight
 j - 2 potions of lignification {unknown}
 k - a potion of might
 l - a potion of resistance
 m - 3 potions of magic
 n - a potion of agility
 T - a potion of brilliance
 V - a potion of haste
Books
 w - the Tome of Combat Magic
   (You found it on level 12 of the Dungeon)

   Spells                             Type                      Level
   a - Magic Dart                     Conjuration                  1
   b - Searing Ray                    Conjuration                  2
   c - Fireball                       Conjuration/Fire             5
   d - Irradiate                      Conjuration/Transmutation    5
   e - Orb of Destruction             Conjuration                  7
   f - Spellforged Servitor           Conjuration/Summoning        7
Comestibles
 d - 16 bread rations
 H - 9 fruits


   Skills:
 - Level 10.0 Fighting
 - Level 12.0 Staves
 - Level 1.5 Dodging
 - Level 3.0 Stealth
 - Level 10.0 Spellcasting
 - Level 12.0 Conjurations
 + Level 5.5 Charms
 - Level 1.0 Summonings
 - Level 1.0 Translocations
 - Level 12.4 Invocations


You had 7 spell levels left.
You knew the following spells:

 Your Spells              Type           Power        Failure   Level  Hunger
a - Magic Dart            Conj           ####         1%          1    None
b - Repel Missiles        Chrm/Air       ####..       3%          2    None
c - Mephitic Cloud        Conj/Pois/Air  #####...     3%          3    None
d - Call Imp              Summ           ###.....     8%          2    None
e - Blink                 Tloc           N/A          8%          2    None
f - Ozocubu's Armour      Chrm/Ice       ####....     8%          3    None
g - Freeze                Ice            ###.         8%          1    None
h - Throw Icicle          Conj/Ice       ######..     6%          4    ##.....
i - Throw Frost           Conj/Ice       ######       1%          2    None
j - Haste                 Chrm           ######..     87%         6    ######.


Dungeon Overview and Level Annotations

Branches:
Dungeon (12/15)            Temple (0/1) D:6            Lair (7/8) D:11
  Swamp (0/4) Lair:3        Snake (0/4) Lair:5          Orc (0/4) D:12
  Slime: Lair:6-8

Altars:
Dithmenos
Elyvilon
Gozag
Makhleb
Nemelex Xobeh
Okawaru
Ru
Sif Muna
Trog

Annotations:
Lair:3 exclusion: downstairs
Lair:6 exclusion: 4 oklob plants


Innate Abilities, Weirdness & Mutations

You cannot wear boots.
Your serpentine skin is tough (AC +4).
You have supernaturally acute eyesight.
Armour fits poorly on your strangely shaped body.
Your system is resistant to poisons.
You cover ground very slowly.
You have a slow metabolism.
You can spit poison.
You can use your snake-like lower body to constrict enemies.


Message History

Evoke which item? (* to show all) (? for menu, Esc to quit)
Zapping:
K - a wand of lightning {zapped: 5} (will waste charges)
Press: ? - help, Shift-Dir - straight line, f/p - vampire mage
Aim: a vampire mage, wielding a staff of wizardry, wearing a robe and wearing a triangular sapphire amulet (severely damaged)
Okay, then.
Unknown command.
Evoke which item? (* to show all) (? for menu, Esc to quit)
Zapping:
K - a wand of lightning {zapped: 5} (will waste charges)
Press: ? - help, Shift-Dir - straight line, f/p - vampire mage
Aim: a vampire mage, wielding a staff of wizardry, wearing a robe and wearing a triangular sapphire amulet (severely damaged)
You hear a mighty clap of thunder!
The bolt of lightning misses the jiangshi.
The bolt of lightning hits the vampire mage.
The vampire mage is severely damaged.
Evoking this partially-identified wand wasted a few charges.
The jiangshi claws you but does no damage.
The jiangshi misses you.
The spectral giant frog barely misses you.
The jiangshi claws you!!
You die...

##..# #####.......#
#..# #.......# #..#
####)#### #..#
#.nV..# #..# #.....#
##..##########'#'####
.).........))W.⌠Z⌠..#
...########....VV...#
...# #.....@##.# ...#
#########.# ...# #.#
...# #.#
...################.#
....................#
....................#
.............)......#
###################.#


You could see a jiangshi, a flayed ghost, 2 vampire magi, a spectral giant frog
and a necrophage (wandering).

Vanquished Creatures
  Maud (D:12)
  Josephine (D:11)
  3 hydras
  A centaur warrior (D:12)
  14 death yaks
  2 vampire magi (D:12)
  Pikel (D:6)
  4 hill giants
  2 wolf spiders (Lair:5)
  2 griffons
  2 ugly things (D:12)
  A cyclops (D:12)
  8 black mambas
  A centaur zombie (D:12)
  12 elephants
  A torpor snail (Lair:4)
  Psyche (D:8)
  3 naga magi (D:12)
  3 spiny frogs
  A gargoyle (D:12)
  5 komodo dragons
  A giant leech (Lair:3)
  4 trolls
  Grinder (D:6)
  16 blink frogs
  2 shadows (D:10)
  A vampire (D:12)
  3 wraiths (D:11)
  3 deep elf magi (D:12)
  A hog (D:10)
  30 yaks
  5 basilisks
  A human (D:10)
  3 swamp worms (Lair:3)
  3 wyverns
  9 hippogriffs
  A warg (D:12)
  11 water moccasins
  2 nagas (Lair:5)
  Duvessa (D:6)
  15 wolves
  10 porcupines
  4 ice beasts
  A necrophage (D:7)
  A wasp (D:7)
  8 orc warriors
  6 sky beasts
  A slave (D:6)
  5 centaurs
  A black bear (D:8)
  A phantom (D:11)
  An eye of draining (D:12)
  8 crocodiles
  2 ogres
  24 giant frogs
  2 gnoll sergeants
  Dowan (D:6)
  3 jellies
  2 scorpions
  8 wights (D:10)
  5 crimson imps
  A wasp zombie (D:11)
  3 giant frog zombies
  Crazy Yiuf (D:4)
  3 centaur skeletons
  13 orc priests
  5 giant frog skeletons
  7 hell rats (Lair:4)
  7 hounds
  14 orc wizards
  9 iguanas
  2 killer bee zombies
  10 worker ants
  18 sheep
  2 hound zombies
  27 adders
  17 gnolls
  57 river rats
  8 shadow imps
  An ooze (D:2)
  4 adder skeletons
  45 orcs
  6 giant cockroaches
  12 goblins
  8 hobgoblins
  11 jackals
  3 quokkas
  4 ball pythons
  6 bats
  9 giant geckos
  3 giant newts
  2 jackal skeletons
  9 kobolds
  2 quokka skeletons
  A quokka zombie (D:5)
  8 rats
  3 fungi
617 creatures vanquished.

Vanquished Creatures (collateral kills)
  Urug (D:11)
  3 wraiths (D:11)
  A hungry ghost (D:11)
  An ice beast (D:8)
  Terence (D:2)
  Robin (D:4)
  An adder (D:10)
  A giant gecko (D:11)
  2 goblins (D:4)
12 creatures vanquished.

Vanquished Creatures (others)
  A river rat (Lair:4)
  3 bushes
  33 fungi
  53 plants
90 creatures vanquished.

Grand Total: 719 creatures vanquished

Notes
Turn   | Place    | Note
--------------------------------------------------------------
     0 | D:1      | achirane the Naga Wizard began the quest for the Orb.
     0 | D:1      | Reached XP level 1. HP: 15/15 MP: 4/4
   304 | D:1      | Reached XP level 2. HP: 11/22 MP: 1/6
  1096 | D:1      | Reached XP level 3. HP: 28/28 MP: 7/7
  1366 | D:2      | Found an opulent altar of Gozag.
  1473 | D:2      | Noticed Terence
  1610 | D:2      | Found an opulent altar of Gozag.
  1694 | D:2      | Reached XP level 4. HP: 36/36 MP: 2/8
  1749 | D:2      | Learned a level 2 spell: Repel Missiles
  1753 | D:2      | Learned a level 3 spell: Mephitic Cloud
  1756 | D:2      | Learned a level 2 spell: Call Imp
  2169 | D:2      | Killed Terence
  2169 | D:2      | Reached skill level 1 in Fighting
  2596 | D:3      | Reached XP level 5. HP: 33/46 MP: 9/9
  3336 | D:3      | Identified a +0 rod of the swarm (9/9) (You found it on level 3 of the Dungeon)
  3445 | D:4      | Reached skill level 4 in Fighting
  3445 | D:4      | Reached XP level 6. HP: 57/57 MP: 10/10
  3595 | D:4      | Noticed Crazy Yiuf
  3611 | D:4      | Killed Crazy Yiuf
  3678 | D:4      | Noticed Robin
  3837 | D:4      | Killed Robin
  4302 | D:4      | Reached skill level 5 in Fighting
  4744 | D:5      | Entered Level 5 of the Dungeon
  4863 | D:5      | Found a sacrificial altar of Ru.
  4896 | D:5      | Reached XP level 7. HP: 67/67 MP: 11/11
  5026 | D:5      | Found a burning altar of Makhleb.
  5045 | D:5      | Became a worshipper of Makhleb the Destroyer
  5094 | D:5      | Noticed a water moccasin
  5102 | D:5      | Killed a water moccasin
  5102 | D:5      | Reached skill level 5 in Conjurations
  5203 | D:5      | You fall through a shaft for 3 floors!
  5302 | D:8      | Reached skill level 6 in Conjurations
  5557 | D:8      | Noticed a wyvern
  5610 | D:8      | Reached skill level 7 in Conjurations
  5610 | D:8      | Reached XP level 8. HP: 74/74 MP: 12/12
  6091 | D:8      | Reached skill level 8 in Conjurations
  6232 | D:8      | Acquired Makhleb's first power
  6376 | D:8      | Learned a level 2 spell: Blink
  6397 | D:8      | Noticed Psyche
  6410 | D:8      | Killed Psyche
  6410 | D:8      | Reached skill level 9 in Conjurations
  6410 | D:8      | Reached XP level 9. HP: 81/81 MP: 10/13
  6486 | D:8      | Noticed a hill giant
  6520 | D:8      | Killed a hill giant
  6520 | D:8      | Reached skill level 10 in Conjurations
  6928 | D:7      | Found a white marble altar of Elyvilon.
  6929 | D:7      | Found an iron altar of Okawaru.
  6929 | D:7      | Found a shadowy altar of Dithmenos.
  7265 | D:7      | Reached skill level 11 in Conjurations
  7950 | D:7      | Found a deep blue altar of Sif Muna.
  8047 | D:7      | Acquired Makhleb's second power
  8224 | D:7      | Reached skill level 12 in Conjurations
  8432 | D:6      | Noticed Duvessa
  8484 | D:6      | Reached XP level 10. HP: 88/88 MP: 14/16
  8507 | D:6      | Found an opulent altar of Gozag.
  8650 | D:6      | Reached skill level 5 in Spellcasting
  8751 | D:6      | Noticed Grinder
  8779 | D:6      | Killed Grinder
  8857 | D:6      | Noticed Pikel
  8892 | D:6      | Killed Pikel
  8998 | D:6      | Found a sparkling altar of Nemelex Xobeh.
  9126 | D:6      | Noticed Dowan
  9137 | D:6      | Killed Dowan
  9200 | D:6      | Found a staircase to the Ecumenical Temple.
  9455 | D:6      | Killed Duvessa
  9725 | D:8      | Found a bloodstained altar of Trog.
  9807 | D:8      | Killed a wyvern
 10210 | D:9      | Acquired Makhleb's third power
 10783 | D:9      | Found a deep blue altar of Sif Muna.
 11148 | D:10     | Entered Level 10 of the Dungeon
 11299 | D:10     | Noticed a hill giant
 11315 | D:10     | Killed a hill giant
 12195 | D:10     | Reached XP level 11. HP: 96/96 MP: 21/24
 12440 | D:10     | Acquired Makhleb's fourth power
 12892 | D:10     | Reached skill level 10 in Spellcasting
 13168 | D:11     | Found a staircase to the Lair.
 13178 | Lair:1   | Entered Level 1 of the Lair of Beasts
 13717 | D:11     | Acquired Makhleb's fifth power
 14400 | D:11     | Noticed Josephine
 14435 | D:11     | Killed Josephine
 14500 | D:11     | Noticed Urug
 14537 | D:11     | Killed Urug
 15013 | Lair:1   | Noticed a four-headed hydra
 15033 | Lair:1   | Killed a four-headed hydra
 15236 | Lair:1   | Reached skill level 10 in Fighting
 15664 | Lair:2   | Reached skill level 1 in Invocations
 15664 | Lair:2   | Reached XP level 12. HP: 107/116 MP: 20/26
 16273 | Lair:2   | Found a sacrificial altar of Ru.
 17056 | Lair:3   | Reached skill level 5 in Invocations
 18149 | Lair:3   | Learned a level 3 spell: Ozocubu's Armour
 18151 | Lair:3   | Learned a level 1 spell: Freeze
 18156 | Lair:3   | Learned a level 4 spell: Throw Icicle
 18159 | Lair:3   | Learned a level 2 spell: Throw Frost
 18207 | Lair:3   | Found a staircase to the Swamp.
 18777 | Lair:4   | Noticed a death yak
 18777 | Lair:4   | Noticed a death yak
 19640 | Lair:4   | Reached skill level 10 in Invocations
 19731 | Lair:4   | Killed a death yak
 19946 | Lair:4   | Killed a death yak
 20034 | Lair:4   | Gained mutation: You can use your snake-like lower body to constrict enemies. [Naga growth]
 20034 | Lair:4   | Reached XP level 13. HP: 123/123 MP: 17/27
 20102 | Lair:4   | Noticed a death yak
 20102 | Lair:4   | Noticed a death yak
 20102 | Lair:4   | Noticed a death yak
 20102 | Lair:4   | Noticed a death yak
 20102 | Lair:4   | Noticed a death yak
 20171 | Lair:4   | Noticed a death yak
 20185 | Lair:4   | Killed a death yak
 21112 | Lair:4   | Reached skill level 1 in Staves
 21266 | Lair:4   | Killed a death yak
 21603 | Lair:3   | Killed a death yak
 21720 | Lair:3   | Killed a death yak
 21924 | Lair:3   | Killed a death yak
 22015 | Lair:4   | Killed a death yak
 22551 | Lair:4   | Reached skill level 5 in Staves
 23190 | Lair:5   | Found a staircase to the Snake Pit.
 25205 | Lair:6   | Reached XP level 14. HP: 122/132 MP: 15/28
 25678 | Lair:6   | Reached skill level 10 in Staves
 26713 | Lair:1   | Learned a level 6 spell: Haste
 26760 | D:12     | Noticed Maud
 27078 | D:12     | Killed Maud
 27548 | D:12     | Found a staircase to the Orcish Mines.
 27601 | D:12     | Reached skill level 1 in Charms
 28976 | D:12     | Reached skill level 5 in Charms
 29308 | D:12     | Identified the Tome of Combat Magic
 29336 | D:12     | Mangled by a jiangshi

Vault maps used:
D:1:      minmay_arrival_split_and_join, serial_park_tiny_2, minmay_liquid_box
D:2:      lemuel_coloured_pillars_altar, first_bread, minmay_hedge_maze,
          mrwooster_statue_mirror, nicolae_gozag_seed_capital, uniq_terence
D:3:      nrook_mini_backslash
D:4:      uniq_robin, uniq_crazy_yiuf_cottage
D:5:      lemuel_round_altar, bloody_makhleb, kennysheep_generic_room_2
D:6:      minmay_temple_entry_poolview, basic_altar, nemelex_spade_bored_becter,
          uniq_grinder, uniq_pikel, uniq_duvessa
D:7:      gammafunk_temple_overflow_claw, lemuel_blue_sif_altar
D:8:      old_standard_altar, uniq_psyche
D:9:      kennysheep_little_box
D:10:     grunt_livestock
D:11:     lair_0_dummy, st_stairs_10, uniq_josephine, uniq_urug
D:12:     evilmike_library_of_no_secrets, erik_orc_3, uniq_maud
Lair:2:   basic_altar, lemuel_fruit_tree
Lair:3:   minmay_swamp_entry_worms, grunt_megastairs_1
Lair:4:   serial_forest, infiniplex_forest_clump_cross,
          infiniplex_forest_zigzag_1, infiniplex_forest_pool,
          infiniplex_forest_lined_3, infiniplex_forest_lined_3_way,
          infiniplex_forest_end_1, infiniplex_forest_lined_corner
Lair:5:   minmay_lair_venomous_thicket, guppyfry_snake_entry_island
Lair:6:   dpeg_oklob_1, lemuel_fruit_fields
Lair:7:   slime_altar_1, serial_bayou_lagoon_b, uniq_snorg

Action                   |  1- 3 |  4- 6 |  7- 9 | 10-12 | 13-15 || total
-------------------------+-------+-------+-------+-------+-------++-------
Melee: Short sword       |     3 |       |       |       |       ||     3
       Whip              |       |     7 |       |       |       ||     7
       Quarterstaff      |       |    19 |    94 |   245 |   400 ||   758
 Fire: Blowgun           |       |    56 |   154 |   489 |    63 ||   762
Throw: Javelin           |       |       |       |     2 |     9 ||    11
 Cast: Magic Dart        |    60 |    31 |    18 |   142 |    52 ||   303
       Call Imp          |       |     6 |    12 |    72 |       ||    90
       Mephitic Cloud    |       |       |     5 |   100 |   112 ||   217
       Repel Missiles    |       |       |     1 |     7 |       ||     8
       Blink             |       |       |       |    12 |     8 ||    20
       Throw Frost       |       |       |       |    29 |   202 ||   231
       Freeze            |       |       |       |    28 |    28 ||    56
       Throw Icicle      |       |       |       |    11 |    22 ||    33
       Ozocubu's Armour  |       |       |       |     3 |    24 ||    27
Invok: Major Destruction |       |       |       |    15 |    62 ||    77
 Abil: Spit Poison       |    19 |    56 |    92 |   234 |   141 ||   542
Evoke: Rod               |       |       |       |     7 |     1 ||     8
       Wand              |       |       |       |     3 |     1 ||     4
  Use: Scroll            |       |     9 |     3 |    10 |    13 ||    35
       Potion            |       |       |     1 |     3 |     9 ||    13
 Stab: Sleeping          |       |    13 |     8 |    19 |       ||    40
       Confused          |       |       |     2 |    24 |    10 ||    36
       Paralysed         |       |       |     1 |     2 |     4 ||     7
       Distracted        |       |       |     1 |    11 |       ||    12
  Eat: Chunk             |     2 |    10 |    14 |    41 |    30 ||    97
       Fruit             |       |     3 |     1 |     7 |    10 ||    21
       Royal jelly       |       |       |       |     1 |       ||     1
       Meat ration       |       |       |       |       |     1 ||     1
